 Dungeon Crawl Stone Soup version 0.24.0-13-gcf9b3192b9 (webtiles) character file.

Game seed: 16987058066209149293, levelgen mode: deterministic

162 Matador8 the Vexing (level 5, -3/28 HPs)
             Began as a Vampire Enchanter on Nov 5, 2019.
             Was an Initiate of Makhleb.
             Slain by a killer bee (10 damage)
             ... on level 3 of the Dungeon.
             The game lasted 00:12:18 (3743 turns).

Matador8 the Vexing (Vampire Enchanter)             Turns: 3743, Time: 00:12:19

Health: -3/28      AC:  0    Str:  5 (7)  XL:     5   Next: 19%
Magic:  1/10       EV: 20    Int: 17 (19) God:    Makhleb [......]
Gold:   99         SH:  0    Dex: 17 (19) Spells: 4/11 levels left

rFire    . . .     SeeInvis +   (weapon currently unavailable)
rCold    + + .     Gourm    .   (shield currently unavailable)
rNeg     + + +     Faith    .   (armour currently unavailable)
rPois    ∞         Spirit   .   (helmet currently unavailable)
rElec    .         Reflect  .   (cloak currently unavailable)
rCorr    .         Harm     .   (gloves currently unavailable)
MR       .....                  (boots currently unavailable)
Stlth    +++++.....             (no amulet)
HPRegen  0.00/turn              (ring currently unavailable)
MPRegen  0.12/turn              (ring currently unavailable)

@: bat-form, flying, bloodless, regenerating quickly, very quick
A: tiny, no food, fangs 3, see invisible
a: Revivify, End Transformation, Renounce Religion


You were on level 3 of the Dungeon.
You worshipped Makhleb.
Makhleb was noncommittal.
You were bloodless.
You were in vampire-bat-form.
You visited 1 branch of the dungeon, and saw 3 of its levels.

You collected 99 gold pieces.

Inventory:

Hand Weapons
 a - a +1 dagger (melded)
Missiles
 l - 7 silver javelins (quivered)
Armour
 b - a +0 robe (melded)
Jewellery
 d - an uncursed ring of stealth {unknown}
 m - an uncursed amulet of rage {unknown}
 n - an uncursed ring of wizardry {unknown}
Wands
 r - a wand of scattershot (6)
Scrolls
 c - 2 scrolls of remove curse {unknown}
 o - a scroll of fear {unknown}
 q - 2 scrolls of teleportation {unknown}
 s - a scroll of magic mapping {unknown}
 t - 2 scrolls of enchant weapon {unknown}
 v - a scroll of blinking {unknown}
Potions
 e - a potion of mutation {unknown}
 f - a potion of agility {unknown}
 g - 2 potions of curing
 h - a potion of brilliance {unknown}
 i - a potion of lignification {unknown}
 j - a potion of flight {unknown}
 k - 2 potions of degeneration {unknown}
 u - a potion of haste {unknown}
Comestibles
 p - 2 rations


   Skills:
 * Level 3.1 Short Blades
 - Level 2.1 Dodging
 - Level 4.4 Stealth
 + Level 3.5 Spellcasting
 + Level 5.9 Hexes


You had 4 spell levels left.
You knew the following spells:

 Your Spells              Type           Power        Failure   Level  Hunger
a - Corona                Hex            ###....      1%          1    N/A
b - Confuse               Hex            ###.....     4%          3    N/A
c - Tukima's Dance        Hex            ###.....     4%          3    N/A

Your spell library contained the following spells:

 Spells                   Type           Power        Failure   Level  Hunger
 Ensorcelled Hibernation  Hex/Ice        ##....       8%          2    N/A
 Dazzling Spray           Conj/Hex       ##....       14%         3    N/A

Dungeon Overview and Level Annotations

Branches:
Dungeon (3/15)

Altars:
Fedhas
Makhleb
Ru
Vehumet

Annotations:
D:3 Sigmund


Innate Abilities, Weirdness & Mutations

You do not eat.
You do not regenerate when monsters are visible.
You are frail without blood (-20% HP).
You can heal yourself when you bite living creatures.
You are immune to poison.
You have razor-sharp teeth.
You have supernaturally acute eyesight. (SInv)
((You can survive without breathing.))


Message History

The killer bee stings you but does no damage.
The killer bee misses you. The killer bee stings you.
* * * LOW HITPOINT WARNING * * *
It was a potion of curing.
You feel better. The killer bee closely misses you.
The killer bee barely misses you. The killer bee stings you.
The killer bee closely misses you.
Okay, then.
You turn into a vampire bat.
Your +1 dagger melds into your body.
Your +0 robe melds into your body.
You feel weakened.
You feel dopey.
You feel clumsy. The killer bee stings you.
* * * LOW HITPOINT WARNING * * *
The killer bee completely misses you. The killer bee closely misses you.
The killer bee closely misses you. The killer bee completely misses you.
The killer bee stings you!
You die...

###..#.#
#..###.....†....#
.......# #..#
########.###
###..### #..# #(#
#.... .$. #.#
#...#. ...# #.#
#...#.# #..# #.#
#...# # #. #.#
#...# #..#### #.##
#...#
##....b#####.#.##
(.......y....###.#
.....##.#.###.#.##
#.#### #.#y# ##.##
.. #.#.# ### #.##
#.#.# ## #...
..#y# ... ##..#
###.# .... ...#
#.#


You could see 2 killer bees.

Vanquished Creatures
  A killer bee (D:3)
  Natasha (D:3)
  2 adders
  An ooze (D:1)
  A worm (D:2)
  A dart slug (D:1)
  3 leopard geckos (D:1)
  4 bats
  6 giant cockroaches
  13 goblins
  10 hobgoblins
  3 jackals (D:2)
  A quokka (D:2)
  A ball python (D:1)
  2 frilled lizards
  4 kobolds
  4 rats
58 creatures vanquished.

Notes
Turn   | Place    | Note
-------+----------+-------------------------------------------
     0 | D:1      | Matador8 the Vampire Enchanter began the quest for the Orb.
     0 | D:1      | Reached XP level 1. HP: 13/13 MP: 3/3
   141 | D:1      | Reached XP level 2. HP: 15/19 MP: 3/5
   441 | D:1      | Reached skill level 5 in Hexes
   530 | D:1      | Reached XP level 3. HP: 24/24 MP: 7/7
   812 | D:2      | Learned a level 3 spell: Confuse
   816 | D:2      | Learned a level 3 spell: Tukima's Dance
  1013 | D:2      | Found a radiant altar of Vehumet.
  1013 | D:2      | Found a burning altar of Makhleb.
  1020 | D:2      | Became a worshipper of Makhleb the Destroyer
  1480 | D:2      | Found a sacrificial altar of Ru.
  1872 | D:2      | Reached XP level 4. HP: 24/24 MP: 4/8
  1940 | D:2      | Found a blossoming altar of Fedhas.
  2530 | D:3      | Noticed a hippogriff
  2932 | D:3      | Noticed Sigmund
  3655 | D:3      | Noticed Natasha
  3661 | D:3      | Killed Natasha
  3718 | D:3      | Reached XP level 5. HP: 18/28 MP: 6/10
  3743 | D:3      | Slain by a killer bee

Levels and vault maps discovered:
D:1:      dpeg_arrival_line_fractal, layout_loops_corners,
          hangedman_decor_riveting
D:2:      layout_basic, gammafunk_temple_overflow_wave,
          overflow_temple_1_default, serial_glass, glass_columns_a,
          glass_columns_a, hangedman_decor_points,
          nicolae_ru_sacrificial_ziggurat
D:3:      layout_loops_ring, nicolae_overflow_hidden_temple, amethyst_killhole,
          uniq_sigmund, uniq_natasha

Skill      XL: |  1  2  3  4 |
---------------+-------------+-----
Hexes          | 5 |  5.9
Spellcasting   | 3 |  3.5
Short Blades   | 2 3 |  3.1
Dodging        | |  2.1
Stealth        | |  4.4

Action                   |  1- 3 |  4- 6 || total
-------------------------+-------+-------++-------
Melee: Dagger            |   148 |    52 ||   200
       Bite              |     9 |     7 ||    16
 Cast: Corona            |    18 |       ||    18
       Confuse           |     7 |     7 ||    14
       Tukima's Dance    |     1 |       ||     1
 Abil: Exsanguinate      |     1 |       ||     1
       Bat Form          |       |     1 ||     1
  Use: Potion            |       |     1 ||     1
 Stab: Sleeping          |    15 |     6 ||    21
       Confused          |     4 |     1 ||     5
       Distracted        |     1 |       ||     1
Armor: Robe              |    28 |    33 ||    61
Dodge: Dodged            |    86 |   113 ||   199
